 Dungeon Crawl Stone Soup version 0.29.1-4-g47bece8355 (webtiles) character file.

Game seed: 13821529262302398076

287 DemonSlayer the Firebug (level 6, -13/41 HPs)
             Began as a Demonspawn Fire Elementalist on Dec 10, 2022.
             Mangled by a hornet (14 damage)
             ... on level 4 of the Dungeon.
             The game lasted 00:07:04 (4043 turns).

DemonSlayer the Firebug (DsFE)                      Turns: 4043, Time: 00:07:05

Health: -13/41     AC:  5    Str:  9    XL:     6   Next: 8%
Magic:  4/11       EV: 11    Int: 24    God:
Gold:   176        SH:  0    Dex: 13    Spells: 3/12 levels left

rFire   . . .      SeeInvis .   k - +5 club
rCold   . . .      Faith    .   (no shield)
rNeg    . . .      Spirit   .   h - +0 leather armour
rPois   .          Reflect  .   (helmet restricted)
rElec   .          Harm     .   (no cloak)
rCorr   .          Rampage  .   (no gloves)
Will    .....      Clarity  +   (no boots)
Stlth   ++........              (no amulet)
HPRegen 0.13/turn               g - +6 ring of intelligence
MPRegen 0.12/turn               (no ring)

@: lethally poisoned (-13 -> -26), slowed, unable to read, very slow
A: thin metallic scales 1, demonic touch 1, horns 1, clarity, inability to read
after injury 1
a: no special abilities


You were on level 4 of the Dungeon.
You visited 1 branch of the dungeon, and saw 4 of its levels.

You collected 176 gold pieces.

Inventory:

Hand Weapons
 k - a +5 club (weapon)
Armour
 h - a +0 leather armour (worn)
 j - a +0 helmet
Jewellery
 g - a +6 ring of intelligence (left hand)
Wands
 b - a wand of paralysis (1)
Scrolls
 c - a scroll of amnesia {unknown}
 d - 2 scrolls of blinking {unknown}
 e - a scroll of vulnerability {unknown}
 i - 2 scrolls of brand weapon {unknown}
 l - a scroll of magic mapping {unknown}
 m - a scroll of immolation {unknown}
 o - 2 scrolls of teleportation {unknown}
Potions
 a - a potion of mutation
 f - a potion of degeneration {unknown}
 n - a potion of curing {unknown}


   Skills:
 + Level 0.4 Armour
 + Level 2.1 Dodging
 + Level 1.9 Stealth
 + Level 3.8 Spellcasting
 + Level 2.3 Conjurations
 + Level 4.4 Fire Magic


You had 3 spell levels left.
You knew the following spells:

 Your Spells              Type           Power      Damage    Failure   Level
a - Foxfire               Conj/Fire      84%        2x1d8     3%          1
b - Scorch                Fire           50%        2d7       3%          2
c - Conjure Flame         Conj/Fire      21%        6-21      10%         3
d - Inner Flame           Hex/Fire       15%        N/A       16%         3

Your spell library contained the following spells:

 Spells                   Type           Power      Damage    Failure   Level
 Freeze                   Ice            16%        1d4       14%         1
 Ensorcelled Hibernation  Hex/Ice        8%         N/A       21%         2
 Frozen Ramparts          Ice            8%         1d2       38%         3
 Portal Projectile        Hex/Tloc       8%         N/A       38%         3
 Spider Form              Tmut/Pois      4%         N/A       38%         3
 Flame Wave               Conj/Fire      21%        2d8       32%         4
 Hailstorm                Conj/Ice       10%        3d5       63%         4
 Fireball                 Conj/Fire      10%        3d6       67%         5
 Anguish                  Hex/Necr       2%         N/A       80%         4
 Silence                  Hex/Air        2%         N/A       98%         5
 Yara's Violent Unravell  Hex/Tmut       2%         3d3       98%         5


Dungeon Overview and Level Annotations

Branches:
Dungeon (4/15)
 Temple: D:4-7

Altars:


Innate Abilities, Weirdness & Mutations

You are partially covered in thin metallic scales. (AC +2)
Your touch may inflict minor irresistible damage on your foes.
You have a pair of small horns on your head.
You possess an exceptional clarity of mind.
You occasionally lose the ability to read scrolls when taking damage.


Message History

No reachable target in view!
You can't see any susceptible monsters within range! (Use Z to cast anyway.) No reachable target in view!
You can't see any susceptible monsters within range! (Use Z to cast anyway.) No reachable target in view!
You can't see any susceptible monsters within range! (Use Z to cast anyway.)
You can't see any susceptible monsters within range! (Use Z to cast anyway.)
A hobgoblin comes into view.
The goblin shouts!
A hornet comes into view.
Flames lash the hornet.
The hornet is lightly wounded.
The hornet's fire resistance burns away.
Flames lash the hornet.
The hornet is burned terribly!
The hornet is heavily wounded.
The hornet stings you.
You are poisoned.
You suddenly lose the ability to move!
You feel sick. The hornet stings you!
You feel yourself slow down.
You can move again.
Flames lash the hornet.
The hornet is burned terribly!
The hornet is almost dead.
You feel very sick. The hornet closely misses you. The hornet stings you!
You are lethally poisoned!
You feel as though you will be slow longer.
The hornet barely misses you.
It was a potion of mutation.
You feel extremely strange.
You occasionally lose the ability to read scrolls when taking damage.
A pair of horns grows on your head!
Your +0 helmet falls away!
Your thoughts seem clearer.
* * * LOW HITPOINT WARNING * * *
You feel very sick. The hornet stings you!
You feel threatened and lose the ability to read scrolls!
* * * LOW HITPOINT WARNING * * *
You feel as though you will be slow longer.
The hornet stings you!
You die...

###..>.... .. ..
#..##......... ... ..
#... ##.##..... ....
.. ... #. #.....
#..##. #.. # ###...
###..#.#..#### ##...
g#..#.#..#.. #.... #
#..#.#y.#.# ##..#
#.#...#@..#.#.. #..##
..#...#...#.... ##.##
.##...#...##..# ##..#
#....#....#######..##
###...............##
#################


You could see a hornet (combustible).

Vanquished Creatures
  A scorpion (D:4)
  A howler monkey (D:4)
  An iguana (D:4)
  Ijyb (D:3)
  5 adders
  A worm (D:2)
  2 dart slugs (D:1)
  4 orcs
  5 endoplasms
  2 giant cockroaches
  12 goblins
  8 hobgoblins
  6 jackals (D:1)
  4 kobolds
  9 quokkas
  4 ball pythons
  4 bats (D:1)
  5 frilled lizards
  2 rats
77 creatures vanquished.

Vanquished Creatures (others)
  113 foxfires
113 creatures vanquished.

Grand Total: 190 creatures vanquished

Notes
Turn   | Place    | Note
-------+----------+-------------------------------------------
     0 | D:1      | DemonSlayer the Demonspawn Fire Elementalist began the
                  | quest for the Orb.
     0 | D:1      | Reached XP level 1. HP: 13/13 MP: 3/3
   342 | D:1      | Gained mutation: Your touch may inflict minor irresistible
                  | damage on your foes. [demonic ancestry]
   342 | D:1      | Reached XP level 2. HP: 19/19 MP: 0/5
   345 | D:1      | Learned a level 2 spell: Scorch
   418 | D:1      | Reached skill level 3 in Fire Magic
  1064 | D:1      | Reached XP level 3. HP: 24/24 MP: 0/6
  1449 | D:1      | Learned a level 3 spell: Conjure Flame
  1967 | D:2      | Gained mutation: You are partially covered in thin metallic
                  | scales. (AC +2) [demonic ancestry]
  1967 | D:2      | Reached XP level 4. HP: 30/30 MP: 3/8
  2414 | D:2      | Learned a level 3 spell: Inner Flame
  2641 | D:3      | Noticed Ijyb
  2653 | D:3      | Killed Ijyb
  2654 | D:3      | Reached skill level 4 in Fire Magic
  2995 | D:3      | Reached XP level 5. HP: 35/35 MP: 5/9
  3825 | D:4      | Reached XP level 6. HP: 41/41 MP: 4/11
  3905 | D:4      | Got the Omnibus of Burning Imprecation
  4037 | D:4      | Noticed a hornet
  4040 | D:4      | Paralysed by a hornet for 2 turns
  4043 | D:4      | Gained mutation: You occasionally lose the ability to read
                  | scrolls when taking damage. [potion of mutation]
  4043 | D:4      | Gained mutation: You have a pair of small horns on your
                  | head. [potion of mutation]
  4043 | D:4      | Gained mutation: You possess an exceptional clarity of
                  | mind. [potion of mutation]
  4043 | D:4      | HP: 1/41 [hornet (9)]
  4043 | D:4      | Mangled by a hornet

Illustrated notes

Levels and vault maps discovered:
D:1:      lemuel_arrival_cross, layout_loops_ring,
          chequers_serial_rivers_large_a
D:2:      layout_basic
D:3:      kennysheep_the_goblin_king, layout_basic, hex_intersection
D:4:      layout_cave_pools, minmay_puff

Skill      XL: |  1  2  3  4  5 |
---------------+----------------+-----
Fire Magic     | 3 4 |  4.4
Dodging        | 2 |  2.1
Spellcasting   | 3 |  3.8
Conjurations   | 2 |  2.3
Armour         | |  0.4
Stealth        | |  1.9

Action                   |  1- 3 |  4- 6 || total
-------------------------+-------+-------++-------
Melee: Unarmed           |    24 |     3 ||    27
       Touch             |     2 |     4 ||     6
       Club              |       |     9 ||     9
 Cast: Foxfire           |    29 |    40 ||    69
       Scorch            |    28 |    37 ||    65
  Use: Potion            |       |     2 ||     2
Armor: Robe              |     4 |       ||     4
       Leather armour    |     1 |     5 ||     6
Dodge: Dodged            |    24 |    23 ||    47
